 Dungeon Crawl Stone Soup version 0.29-a0-577-gafbf2c5d25 (webtiles) character file.

Game seed: 15962321893215493483

4 DocClef the Sneak (level 1, 0/18 (19) HPs)
             Began as a Draconian Delver on June 13, 2022.
             Slain by a necrophage (1 damage)
             ... on level 6 of the Dungeon.
             The game lasted 00:00:13 (74 turns).

DocClef the Sneak (Draconian Delver)                  Turns: 74, Time: 00:00:14

HP:   0/18 (19)     AC:  4    Str: 14    XL:     1   Next: 50%
MP:   1/1           EV: 12    Int: 10    God:
Gold: 0             SH:  0    Dex: 12    Spells: 0/0 levels left

rFire   . . .      SeeInvis .   a - +0 short sword
rCold   . . .      Faith    .   (no shield)
rNeg    . . .      Spirit   .   (body armour unavailable)
rPois   .          Reflect  .   (helmet restricted)
rElec   .          Harm     .   (no cloak)
rCorr   .          Rampage  .   (no gloves)
Will    .....                   (no boots)
Stlth   +++.......              (no amulet)
HPRegen 0.06/turn               (no ring)
MPRegen 0.07/turn               (no ring)

@: drained
A: AC +4, unfitting armour, cold-blooded
a: no special abilities


You were on level 6 of the Dungeon.
You visited 1 branch of the dungeon, and saw 2 of its levels.

Inventory:

Hand Weapons
 a - a +0 short sword (weapon)
Wands
 f - a wand of digging (3)
Scrolls
 b - a scroll of fog
 d - a scroll of fear
Potions
 e - a potion of haste


   Skills:
 + Level 3.3 Fighting
 + Level 2.1 Short Blades
 + Level 1.8 Dodging
 + Level 4.5 Stealth


You couldn't memorise any spells.
You didn't know any spells.
Your spell library contained the following spells:

 Spells                   Type           Power      Damage    Failure   Level
 Shock                    Conj/Air       0%         1d3       36%         1
 Swiftness                Air            0%         N/A       75%         3
 Airstrike                Air            0%         N/A       98%         4


Dungeon Overview and Level Annotations

Branches:
Dungeon (6/15)
 Temple: D:4-7

Altars:


Innate Abilities, Weirdness & Mutations

Your plain brown scales are hard. (AC +4)
You cannot fit into any form of body armour.
You are cold-blooded and may be slowed by cold attacks.


Message History

The orc is almost dead.
The orc barely misses you.
You hit the orc.
You kill the orc!
You see here a +0 club.
An ogre comes into view. It is wielding a +0 giant club.
Found a stone staircase leading down.
An ogre is nearby!
Found a book of Frost.
You start resting.
A necrophage comes into view.
A necrophage opens the door.
The necrophage attacks as you move away!
The necrophage hits you but does no damage.
You hit the necrophage.
The necrophage is moderately damaged.
The necrophage hits you.
* * * LOW HITPOINT WARNING * * *
You feel drained.
* * * LOW HITPOINT WARNING * * *
You closely miss the necrophage.
The necrophage is moderately damaged.
The necrophage closely misses you.
You barely miss the necrophage.
The necrophage is moderately damaged.
The necrophage hits you but does no damage.
You hit the necrophage.
The necrophage is moderately damaged.
The necrophage barely misses you.
You hit the necrophage.
The necrophage is heavily damaged.
The necrophage barely misses you.
You hit the necrophage. You tail-slap the necrophage.
The necrophage is severely damaged.
The necrophage hits you.
* * * LOW HITPOINT WARNING * * *
You closely miss the necrophage. You tail-slap the necrophage.
The necrophage is severely damaged.
The necrophage hits you.
You die...

#..:.....
......+...?!.. .
..#.##......
.#.#.##.....
....##....
##..#.$..
#...#.#'######
#.#.#.......n@.#
#....<..#.######
+....#.).#.#
#### #...#.#
......#.#.#
#######...#
..... .....
.......


You could see a necrophage.

Vanquished Creatures
  2 orcs
2 creatures vanquished.

Notes
Turn   | Place    | Note
-------+----------+-------------------------------------------
     0 | D:5      | DocClef the Draconian Delver began the quest for the Orb.
     0 | D:5      | Reached XP level 1. HP: 19/19 MP: 1/1
    37 | D:5      | Noticed a killer bee
    49 | D:6      | Noticed an ogre
    61 | D:6      | Noticed a necrophage
    74 | D:6      | Slain by a necrophage

Illustrated notes

Levels and vault maps discovered:
D:5:      kennysheep_spiral_hall, layout_basic, nicolae_ossuary_entry_plus,
          minivault_25, kennysheep_generic_room_8, uniq_sigmund, uniq_pikel
D:6:      layout_basic, general_overflow_altar, minmay_temple_entry_poolview,
          ebering_dispersal_statue_hall

Action                   || total
-------------------------++-------
Melee: Short sword       ||    14
       Tailslap          ||     4
  Use: Scroll            ||     1
Armor: Skin              ||     5
Dodge: Dodged            ||    11

Table legend: (Time is in decaauts)
 A = Elapsed time spent in this place.
 B = Non-inter-level travel time spent in this place.
 C = Inter-level travel time spent in this place.
 D = Time resting spent in this place.
 E = Time spent auto-exploring this place.
 F = Levels seen in this place.
 G = Mean time per level.
                   A        B        C        D        E       F      G
               +--------+--------+--------+--------+--------+-----+--------+
         Total |     73 |     73 |      0 |      9 |     26 |   2 |   36.5 |
       Dungeon |     73 |     73 |      0 |      9 |     26 |   2 |   36.5 |
               +--------+--------+--------+--------+--------+-----+--------+

Top non-repeatable levels by time:
     D:5: 45 daAuts
     D:6: 28 daAuts
